 Dungeon Crawl Stone Soup version 0.29-a0-82-g837932c90e (webtiles) character file.

Game seed: 6432062105442407204

491 bromine the Chopper (level 7, -5/60 HPs)
             Began as a Gnoll Wanderer on Feb 4, 2022.
             Was a Plaything of Xom.
             Slain by an ogre (19 damage)
             ... on level 5 of the Dungeon.
             The game lasted 00:41:07 (4939 turns).

bromine the Chopper (Gnoll Wanderer)                Turns: 4939, Time: 00:41:08

Health: -5/60      AC: 12    Str: 13 (15) XL:     7   Next: 14%
Magic:  10/10      EV:  4    Int:  6 (8)  God:    Xom [..*...]
Gold:   287        SH:  5    Dex: 12 (13) Spells: 10/10 levels left

rFire   + . .      SeeInvis .   L - +0 bardiche
rCold   . . .      Faith    .   (shield currently unavailable)
rNeg    . . .      Spirit   .   x - +0 plate armour
rPois   .          Reflect  +   (helmet restricted)
rElec   .          Harm     .   c - +0 cloak
rCorr   .          Rampage  .   (no gloves)
Will    .....                   (no boots)
Stlth   ..........              q - amulet of reflection
HPRegen 0.20/turn               (no ring)
MPRegen 0.12/turn               (no ring)

@: radiating poison
A: fangs 1, strong nose, distributed training, horns 1, fire resistance 1
a: Renounce Religion


You were on level 5 of the Dungeon.
You worshipped Xom.
You were a toy of Xom.
You visited 1 branch of the dungeon, and saw 5 of its levels.

You collected 287 gold pieces.

Inventory:

Hand Weapons
 a - a +0 hand axe
 e - a +0 dagger
 g - a +1 dagger of protection
 h - a +0 dagger
 p - a +0 hunting sling
 r - a +0 dagger
 w - a +0 club
 A - a +1 scythe of venom
 B - a +0 hand crossbow
 E - a +0 quarterstaff
 F - a +0 trident
 H - a +0 rapier
 L - a +0 bardiche (weapon)
Missiles
 i - 35 stones (quivered)
 o - 51 arrows
 z - 4 datura-tipped darts
Armour
 b - a +2 buckler
 c - a +0 cloak (worn)
 d - a +0 leather armour
 j - a +0 scale mail
 t - a +0 robe
 u - a +0 ring mail
 x - a +0 plate armour (worn)
 C - a +0 barding
 G - a +0 chain mail
Magical Staves
 K - a staff of cold
Jewellery
 q - an amulet of reflection (around neck)
 I - the amulet of Vitality {Regen+ HP+15}
   (You found it on level 4 of the Dungeon)

   [amulet of regeneration]

   HP:        It affects your health (+15).
   Regen:     It increases your rate of health regeneration.
Wands
 y - a wand of flame (9)
Scrolls
 m - 2 scrolls of teleportation {unknown}
 n - a scroll of amnesia {unknown}
 s - a scroll of noise {unknown}
 v - 2 scrolls of identify {unknown}
 D - a scroll of immolation {unknown}
 J - a scroll of summoning {unknown}
 M - a scroll of brand weapon {unknown}
Potions
 f - a potion of lignification
 k - a potion of heal wounds
 l - a potion of attraction {unknown}
 N - a potion of haste


   Skills:
 + Level 7.0 Fighting
 + Level 2.3 Short Blades
 + Level 2.3 Long Blades
 + Level 7.0 Axes
 + Level 2.3 Maces & Flails
 + Level 2.3 Polearms
 + Level 2.3 Staves
 + Level 2.3 Slings
 + Level 2.3 Bows
 + Level 2.3 Crossbows
 + Level 2.3 Throwing
 + Level 2.3 Armour
 + Level 3.5 Dodging
 + Level 2.3 Stealth
 + Level 5.1 Shields
 + Level 2.3 Unarmed Combat
 + Level 2.3 Spellcasting
 + Level 1.8 Conjurations
 + Level 1.8 Hexes
 + Level 1.8 Summonings
 + Level 1.8 Necromancy
 + Level 1.8 Translocations
 + Level 1.8 Transmutations
 + Level 1.8 Fire Magic
 + Level 1.8 Ice Magic
 + Level 1.8 Air Magic
 + Level 1.8 Earth Magic
 + Level 1.8 Poison Magic
 + Level 2.5 Invocations
 + Level 3.5 Evocations


You had 10 spell levels left.
You didn't know any spells.
Your spell library contained the following spells:

 Spells                   Type           Power      Damage    Failure   Level
 Animate Skeleton         Necr           4%         N/A       100%        1
 Apportation              Tloc           4%         N/A       100%        1
 Summon Small Mammal      Summ           8%         N/A       100%        1


Dungeon Overview and Level Annotations

Branches:
Dungeon (5/15)
 Temple: D:4-7

Altars:
Gozag
Xom

Shops:
D:2 (   D:4 (


Innate Abilities, Weirdness & Mutations

You have very sharp teeth.
Your uncanny sense of smell can sniff out nearby items.
Your experience applies equally to all skills.
You have a pair of small horns on your head.
Your flesh is heat resistant. (rF+)


Message History

The phantom barely misses you.
The white imp grinds its teeth.
The phantom hits you but does no damage.
You barely miss the phantom. Your headbutt misses the phantom.
The phantom is heavily damaged.
The bullfrog zombie hits you.
The white imp hits you but does no damage.
The phantom hits you but does no damage.
The bullfrog zombie hits you but does no damage.
The white imp hits you but does no damage.
You barely miss the phantom. Your headbutt misses the phantom.
The phantom is heavily damaged.
The bullfrog zombie hits you but does no damage.
The phantom hits you but does no damage.
You block the white imp's attack.
The bullfrog zombie hits you but does no damage.
The phantom hits you. The white imp barely misses you.
The ogre hits you with a +0 giant club. The bullfrog zombie hits you.
You miss the phantom. Your headbutt misses the phantom.
Your bite misses the phantom.
The phantom is heavily damaged.
Xom plays with reality for a moment.
You begin to radiate toxic energy.
The ogre is poisoned. x2
The phantom hits you. The bullfrog zombie barely misses you.
The white imp hits you but does no damage.
The ogre barely misses you.
The phantom hits you but does no damage.
Okay, then.
You closely miss the phantom. Your bite misses the phantom.
The phantom is heavily damaged.
The ogre looks even sicker.
The white imp shouts, "Give in, thou froward base-court clack-dish!"
The white imp gestures at you. The puff of frost hits you!
* * * LOW HITPOINT WARNING * * *
The phantom hits you but does no damage.
The ogre hits you but does no damage.
The ogre hits you with a +0 giant club!!
You die...
Xom bursts into laughter!

##..#....O......#
.###
#...............#
..
#.........#.....#
..
#........##..ยง.##
.##
#........##.####
.# +........##
#....Z...#
###.O5O..#...
#.#@.....#
#.#W.....#
#.#......#
#........
#...$....
#........
#........
#........


You could see a phantom, 2 ogres, a white imp and a bullfrog zombie.

Vanquished Creatures
  A jelly (D:5)
  2 orc priests (D:4)
  Jessica (D:3)
  Natasha (twice) (D:2)
  An orc wizard (D:3)
  4 adders
  An ufetubus (D:4)
  3 worms (D:2)
  10 orcs
  7 bats
  13 endoplasms
  3 giant cockroaches
  A goblin (D:4)
  5 hobgoblins
  6 quokkas
  6 ball pythons
  8 frilled lizards
  7 kobolds
  6 rats
87 creatures vanquished.

Vanquished Creatures (collateral kills)
  Sigmund (D:2)
1 creature vanquished.

Vanquished Creatures (others)
  18 plants
18 creatures vanquished.

Grand Total: 106 creatures vanquished

Notes
Turn   | Place    | Note
-------+----------+-------------------------------------------
     0 | D:1      | bromine the Gnoll Wanderer began the quest for the Orb.
     0 | D:1      | bromine set off with the following items: a +0 hand axe, a
                  | +2 buckler, a +0 cloak, a +0 leather armour
     0 | D:1      | Reached XP level 1. HP: 23/23 MP: 1/1
   109 | D:1      | Reached XP level 2. HP: 27/29 MP: 2/2
   196 | D:1      | Found a faded altar of an unknown god.
   213 | D:1      | Prayed at the altar of an unknown god.
   213 | D:1      | Became a worshipper of Xom of Chaos
   579 | D:1      | XOM: cloud trail
  1115 | D:2      | Reached XP level 3. HP: 27/35 MP: 2/4
  1115 | D:2      | Found an opulent altar of Gozag.
  1176 | D:2      | Reached skill level 1 in Invocations
  1257 | D:2      | XOM: give mutation
  1257 | D:2      | Gained mutation: You have a pair of small horns on your
                  | head. [Xom's grace]
  1332 | D:2      | XOM: god gift: club {god gift}
  1406 | D:2      | Reached skill level 1 in Short Blades
  1406 | D:2      | Reached skill level 1 in Long Blades
  1406 | D:2      | Reached skill level 1 in Maces & Flails
  1406 | D:2      | Reached skill level 1 in Polearms
  1406 | D:2      | Reached skill level 1 in Staves
  1406 | D:2      | Reached skill level 1 in Slings
  1406 | D:2      | Reached skill level 1 in Bows
  1406 | D:2      | Reached skill level 1 in Crossbows
  1406 | D:2      | Reached skill level 1 in Throwing
  1406 | D:2      | Reached skill level 1 in Armour
  1406 | D:2      | Reached skill level 1 in Stealth
  1406 | D:2      | Reached skill level 1 in Unarmed Combat
  1406 | D:2      | Reached skill level 1 in Spellcasting
  1512 | D:2      | Reached XP level 4. HP: 41/41 MP: 5/5
  1629 | D:2      | Found Hadgh's Weapon Emporium.
  1649 | D:2      | XOM: 3-stop teleportation journey
  2009 | D:2      | Noticed Sigmund
  2010 | D:2      | XOM: summons 4 friendly demons
  2018 | D:2      | Killed Sigmund
  2019 | D:2      | Reached skill level 1 in Conjurations
  2019 | D:2      | Reached skill level 1 in Hexes
  2019 | D:2      | Reached skill level 1 in Summonings
  2019 | D:2      | Reached skill level 1 in Necromancy
  2019 | D:2      | Reached skill level 1 in Translocations
  2019 | D:2      | Reached skill level 1 in Transmutations
  2019 | D:2      | Reached skill level 1 in Fire Magic
  2019 | D:2      | Reached skill level 1 in Ice Magic
  2019 | D:2      | Reached skill level 1 in Air Magic
  2019 | D:2      | Reached skill level 1 in Earth Magic
  2019 | D:2      | Reached skill level 1 in Poison Magic
  2019 | D:2      | Reached XP level 5. HP: 47/47 MP: 5/7
  2019 | D:2      | Reached XP level 6. HP: 53/53 MP: 5/8
  2166 | D:2      | Noticed Natasha
  2171 | D:2      | XOM: give mutation
  2171 | D:2      | Gained mutation: Your flesh is heat resistant. (rF+) [Xom's
                  | grace]
  2172 | D:2      | Killed Natasha
  2368 | D:2      | XOM: god gift: 27 gold pieces
  2459 | D:2      | Noticed Natasha
  2465 | D:2      | XOM: summons 4 hostile demons
  2471 | D:2      | Killed Natasha
  2490 | D:2      | XOM: polymorph white imp -> quasit
  2807 | D:3      | XOM: stat loss: -1 Str (13/15)
  2909 | D:3      | Reached skill level 5 in Shields
  2912 | D:3      | XOM: cloud trail
  2938 | D:3      | XOM: 4-stop teleportation journey
  3106 | D:3      | XOM: divination: magic mapping
  3216 | D:3      | XOM: god gift: 51 gold pieces
  3410 | D:3      | Noticed Jessica
  3416 | D:3      | Killed Jessica
  3663 | D:4      | Found Duamy's Weapon Boutique.
  3824 | D:4      | XOM: polymorph orc -> ball python
  3880 | D:4      | Reached XP level 7. HP: 25/59 MP: 10/10
  4142 | D:4      | XOM: god gift: quarterstaff {god gift}
  4188 | D:4      | Found the amulet of Vitality {Regen+ HP+15}
  4842 | D:4      | XOM: cloud trail
  4848 | D:5      | Entered Level 5 of the Dungeon
  4915 | D:5      | XOM: god gift: scroll labelled GUIFOYHI HOLE {god gift}
  4938 | D:5      | XOM: cast spell 'Olgreb's Toxic Radiance'
  4939 | D:5      | Slain by an ogre

Illustrated notes

Levels and vault maps discovered:
D:1:      elethiomel_arrival_maze, layout_basic,
          hellmonk_ecumenical_altar_zigzags
D:2:      layout_loops_corners, serial_forest, infiniplex_forest_fountain,
          infiniplex_forest_split, infiniplex_forest_fountain,
          infiniplex_forest_diagonal, infiniplex_forest_side_room,
          infiniplex_forest_straight_1, infiniplex_forest_lined_room_3,
          infiniplex_forest_lined_room_2, serial_shops, shop, basic_altar,
          fountainhead, uniq_sigmund, uniq_natasha
D:3:      layout_loops_ring, uniq_jessica
D:4:      cheibrodos_pilgrimage, layout_cave_pools, serial_shops,
          nicolae_shop_bloodbath_and_beyond, serial_bayou,
          serial_bayou_lagoon_a, serial_bayou_crossing, serial_bayou_lagoon_b,
          serial_bayou_pond_c, serial_bayou_shore_b, minmay_quadrilaterals
D:5:      layout_basic

Skill      XL: |  1  2  3  4  5  6  7 |
---------------+----------------------+-----
Invocations    | 1 2 |  2.5
Short Blades   | 1 2 |  2.3
Long Blades    | 1 2 |  2.3
Maces & Flails | 1 2 |  2.3
Polearms       | 1 2 |  2.3
Staves         | 1 2 |  2.3
Slings         | 1 2 |  2.3
Bows           | 1 2 |  2.3
Crossbows      | 1 2 |  2.3
Throwing       | 1 2 |  2.3
Armour         | 1 2 |  2.3
Stealth        | 1 2 |  2.3
Unarmed Combat | 1 2 |  2.3
Spellcasting   | 1 2 |  2.3
Dodging        | 3 |  3.5
Conjurations   | 1 |  1.8
Hexes          | 1 |  1.8
Summonings     | 1 |  1.8
Necromancy     | 1 |  1.8
Translocations | 1 |  1.8
Transmutations | 1 |  1.8
Fire Magic     | 1 |  1.8
Ice Magic      | 1 |  1.8
Air Magic      | 1 |  1.8
Earth Magic    | 1 |  1.8
Poison Magic   | 1 |  1.8
Evocations     | 3 |  3.5
Shields        | 5 |  5.1
Fighting       | 7 |  7.0
Axes           | 7 |  7.0

Action                   |  1- 3 |  4- 6 |  7- 9 || total
-------------------------+-------+-------+-------++-------
Melee: Hand axe          |   130 |    32 |       ||   162
       Bite              |    13 |    10 |    10 ||    33
       Headbutt          |     3 |    14 |    11 ||    28
       Scythe            |       |    94 |    43 ||   137
       Bardiche          |       |       |    29 ||    29
Throw: Stone             |       |       |     2 ||     2
  Use: Potion            |       |     4 |       ||     4
 Stab: Sleeping          |       |     1 |       ||     1
Armor: Leather armour    |     6 |       |       ||     6
       Scale mail        |    22 |       |       ||    22
       Plate armour      |       |   111 |    43 ||   154
       Skin              |       |    64 |       ||    64
Dodge: Dodged            |    36 |    41 |    20 ||    97
Block: Buckler           |    60 |    15 |       ||    75
       Reflection        |       |     5 |       ||     5
       Other             |       |    44 |    12 ||    56

Table legend: (Time is in decaauts)
 A = Elapsed time spent in this place.
 B = Non-inter-level travel time spent in this place.
 C = Inter-level travel time spent in this place.
 D = Time resting spent in this place.
 E = Time spent auto-exploring this place.
 F = Levels seen in this place.
 G = Mean time per level.
                   A        B        C        D        E       F      G
               +--------+--------+--------+--------+--------+-----+--------+
         Total |   5122 |   4952 |    170 |    568 |   1001 |   5 | 1024.4 |
       Dungeon |   5122 |   4952 |    170 |    568 |   1001 |   5 | 1024.4 |
               +--------+--------+--------+--------+--------+-----+--------+

Top non-repeatable levels by time:
     D:2: 1424 daAuts
     D:4: 1330 daAuts
     D:3: 1163 daAuts
     D:1: 1104 daAuts
     D:5: 99 daAuts
